 Dungeon Crawl Stone Soup version 0.21.0-3-g78d12a8 (webtiles) character file.

114 MTVSty1e the Chopper (level 4, -3/26 HPs)
             Began as a Gargoyle Gladiator on Jan 15, 2018.
             Slain by a phantom (7 damage)
             ... on level 3 of the Dungeon.
             The game lasted 00:02:00 (1881 turns).

MTVSty1e the Chopper (Gargoyle Gladiator)           Turns: 1881, Time: 00:02:01

Health: -3/26      AC: 11    Str: 18    XL:     4   Next: 97%
Magic:  4/4        EV: 12    Int:  9    God:
Gold:   146        SH:  0    Dex: 11    Spells: 3/3 levels left

rFire    + . .     SeeInvis .   a - +0 war axe
rCold    x . .     Gourm    .   (no shield)
rNeg     + . .     Faith    .   b - +0 leather armour
rPois    ∞         Spirit   .   c - +0 helmet
rElec    +         Reflect  .   (no cloak)
rCorr    .         Harm     .   (no gloves)
MR       .....                  q - +0 pair of boots
Stlth    +.........             (no amulet)
HPRegen  0.08/turn              g - +3 ring of protection
MPRegen  0.09/turn              n - ring of fire

@: no status effects
A: negative energy resistance 1, electricity resistance, unbreathing,
petrification resistance, rot immunity, AC +3
a: no special abilities


You were on level 3 of the Dungeon.
You were not hungry.

You visited 1 branch of the dungeon, and saw 3 of its levels.

You collected 146 gold pieces.

Inventory:

Hand Weapons
 a - a +0 war axe (weapon)
Missiles
 d - 3 throwing nets (quivered)
Armour
 b - a +0 leather armour (worn)
 c - a +0 helmet (worn)
 q - a +0 pair of boots (worn)
Jewellery
 g - a +3 ring of protection (left hand)
 n - a ring of fire (right hand)
Scrolls
 h - 2 scrolls of enchant armour {unknown}
 j - a scroll of remove curse {unknown}
 k - 2 scrolls of identify {unknown}
 l - a scroll of magic mapping {unknown}
 o - 2 scrolls of teleportation {unknown}
 p - a scroll of fear {unknown}
Potions
 e - 3 potions of magic {unknown}
 i - a potion of agility {unknown}
 m - 4 potions of curing {unknown}
Comestibles
 f - 4 rations


   Skills:
 - Level 2.1 Fighting
 + Level 5.0 Axes
 - Level 1.7 Throwing
 - Level 2.4 Dodging


You had 3 spell levels left.
You didn't know any spells.

Dungeon Overview and Level Annotations

Branches:
Dungeon (3/15)

Altars:

Annotations:
D:3 MTVSty1e's ghost, amateur MiGl


Innate Abilities, Weirdness & Mutations

You are resistant to torment.
Your stone body is resilient. (AC +3)
You are immune to poison.
You resist negative energy. (rN+)
You are resistant to electric shocks. (rElec)
You can survive without breathing.
You are immune to petrification.
You are immune to rotting.


Message History

An orc and a phantom come into view.
You closely miss MTVSty1e's ghost.
The orc shouts!
You hear a shout!
MTVSty1e's ghost hits you!
Ouch! That really hurt!
* * * LOW HITPOINT WARNING * * *
The phantom blinks!
You are too injured to fight recklessly!
You are too injured to fight recklessly!
You are too injured to fight recklessly!
You are too injured to fight recklessly!
You completely miss MTVSty1e's ghost. MTVSty1e's ghost closely misses you.
MTVSty1e's ghost misses you.
An orc priest comes into view. It is wielding a flail.
The orc priest shouts!
You hit MTVSty1e's ghost but do no damage.
MTVSty1e's ghost hits you.
* * * LOW HITPOINT WARNING * * *
The phantom hits you!
You die...

......#.##.########
..................#
............###..... .
.........##...###### ..
.....†)†.####...#####.S.
######...## ###..#....o.
##....######..).o...
##.....#<.......#####
#.......)÷..W@###
#.............W.#
#........(..K.[.#
#[..............#
#...>.............
#.................
#................#
#.............###


You could see a phantom, an orc priest, MTVSty1e's ghost, an adder, an orc and a
kobold.

Vanquished Creatures
  5 adders
  An ooze (D:3)
  A worm (D:2)
  A leopard gecko (D:2)
  5 bats
  9 hobgoblins
  11 jackals
  6 kobolds
  3 frilled lizards
  7 goblins
  9 rats
58 creatures vanquished.

Notes
Turn   | Place    | Note
-------+----------+-------------------------------------------
     0 | D:1      | MTVSty1e the Gargoyle Gladiator began the quest for the Orb.
     0 | D:1      | Reached XP level 1. HP: 12/12 MP: 1/1
    50 | D:1      | Reached skill level 3 in Axes
    75 | D:1      | Reached XP level 2. HP: 17/17 MP: 2/2
   172 | D:1      | Reached XP level 3. HP: 3/21 MP: 3/3
   875 | D:2      | Reached skill level 4 in Axes
  1243 | D:2      | Reached XP level 4. HP: 22/26 MP: 4/4
  1753 | D:3      | Reached skill level 5 in Axes
  1875 | D:3      | Noticed MTVSty1e's ghost (amateur MiGl)
  1879 | D:3      | Noticed a phantom
  1881 | D:3      | Slain by a phantom

Skill      XL: |  1  2  3  4 |
---------------+-------------+-----
Axes           | 3 4 5 |  5.0
Fighting       | |  2.1
Throwing       | |  1.7
Dodging        | |  2.4

Action                   |  1- 3 |  4- 6 || total
-------------------------+-------+-------++-------
Melee: War axe           |    91 |    63 ||   154
  Eat: Chunk             |     1 |     2 ||     3
Armor: Leather armour    |    39 |    28 ||    67
Dodge: Dodged            |    69 |    43 ||   112
